 Dungeon Crawl Stone Soup version 0.27-a0-1290-g15d3ce7508 (webtiles) character file.

Game seed: 8258551967930000022

19 27snakeeyes612 the Skirmisher (level 2, 0/16 HPs)
             Began as a Vine Stalker Fighter on June 15, 2021.
             Slain by an orc (4 damage)
             ... on level 1 of the Dungeon.
             The game lasted 00:00:44 (946 turns).

27snakeeyes612 the Skirmisher (Vine Stalker Fighter) Turns: 946, Time: 00:00:45

Health: 0/16       AC:  7    Str: 18    XL:     2   Next: 75%
Magic:  0/3        EV:  7    Int:  8    God:
Gold:   59         SH:  9    Dex: 13    Spells: 1/1 levels left

rFire    . . .     SeeInvis .   a - +0 flail
rCold    . . .     Faith    .   c - +0 kite shield
rNeg     . . .     Spirit   +   b - +0 scale mail
rPois    .         Reflect  .   (no helmet)
rElec    .         Harm     .   (no cloak)
rCorr    .         Rampage  .   g - +0 pair of gloves
Will     .....                  (no boots)
Stlth    ..........             (no amulet)
HPRegen  0.05/turn              (no ring)
MPRegen  0.08/turn              (no ring)

@: no status effects
A: fangs 2, magic shield, antimagic bite, no potion heal 2
a: no special abilities


You were on level 1 of the Dungeon.
You visited 1 branch of the dungeon, and saw 2 of its levels.

You collected 59 gold pieces.

Inventory:

Hand Weapons
 a - a +0 flail (weapon)
Armour
 b - a +0 scale mail (worn)
 c - a +0 kite shield (worn)
 g - a +0 pair of gloves (worn)
 h - a +0 chain mail
Wands
 i - a wand of flame (19)
Potions
 d - a potion of might
 e - a potion of curing {unknown}
 f - a potion of lignification {unknown}


   Skills:
 + Level 3.0 Fighting
 + Level 2.0 Maces & Flails
 + Level 2.7 Armour
 + Level 2.9 Shields


You had one spell level left.
You didn't know any spells.
Your spell library contained the following spells:

 Spells                   Type           Power      Damage    Failure   Level
 Corona                   Hex            0%         N/A       100%        1
 Ensorcelled Hibernation  Hex/Ice        0%         N/A       100%        2
 Confusing Touch          Hex            0%         N/A       100%        3
 Dazzling Flash           Conj/Hex       0%         N/A       100%        3
 Tukima's Dance           Hex            0%         N/A       100%        3


Dungeon Overview and Level Annotations

Branches:
Dungeon (2/15)

Altars:
Qazlal


Innate Abilities, Weirdness & Mutations

You have extremely sharp teeth.
When hurt, damage is shared between your health and your magic reserves.
Your bite disrupts and absorbs the magic of your enemies.
Potions cannot restore your health.


Message History

The gnoll hits you from afar with a +0 halberd.
The jackal bites you. The jackal closely misses you.
You block the jackal's attack. You block the gnoll's attack.
An endoplasm comes into view.
The jackal pauses to sniff the ground.
The jackal closely misses you. The jackal bites you.
The jackal bites you but does no damage.
An endoplasm comes into view.
The endoplasm quivers.
The jackal bites you but does no damage.
The endoplasm moves out of view.
You see here a +0 club.
You block the jackal's attack.
The endoplasm hits you but does no damage.
The endoplasm freezes you.
You are frozen.
You block the jackal's attack. You block the endoplasm's attack.
The jackal bites you but does no damage.
An orc comes into view. It is wielding a +0 whip.
The orc shouts!
You hit the orc but do no damage. You bite the orc, but do no damage.
You block the jackal's attack. The endoplasm freezes you.
You are frozen.
The jackal barely misses you.
The jackal bites you but does no damage.
You block the orc's attack. The endoplasm hits you.
The jackal bites you but does no damage.
You block the orc's attack.
The jackal bites you but does no damage.
You block the jackal's attack.
The endoplasm hits you but does no damage.
There is an escape hatch in the ceiling here.
The orc hits you with a +0 whip.
* * * LOW HITPOINT WARNING * * *
The jackal bites you but does no damage.
A mysterious force pulls you upwards. The hatch slams shut behind you.
You closely miss the jackal. You bite the jackal, but do no damage.
The jackal closely misses you. The orc hits you with a +0 whip.
You die...

## ##################.
########.@h...............
#.........o..#............
#............#.####.####..
#............#.# #.####..
#............#.# #....#..
######......##.####.##.#..
#......##>...........
#......'[.........#..
#......##.####.####..


You could see an orc and a jackal.

Vanquished Creatures
  A dart slug (D:2)
  2 bats
  A giant cockroach (D:1)
  2 goblins
  A hobgoblin (D:2)
  A kobold (D:1)
  5 ball pythons (D:1)
  A frilled lizard (D:2)
  2 rats (D:1)
16 creatures vanquished.

Notes
Turn   | Place    | Note
-------+----------+-------------------------------------------
     0 | D:1      | 27snakeeyes612 the Vine Stalker Fighter began the quest for
                  | the Orb.
     0 | D:1      | Reached XP level 1. HP: 11/11 MP: 2/2
   140 | D:1      | Reached XP level 2. HP: 16/16 MP: 3/3
   744 | D:2      | Found a stormy altar of Qazlal.
   878 | D:2      | Reached skill level 3 in Fighting
   946 | D:1      | Slain by an orc

Illustrated notes

Levels and vault maps discovered:
D:1:      wheals_arrival_shading, layout_basic, minmay_fountain_box
D:2:      layout_rooms, basic_altar, minmay_ruptured, uniq_natasha

Skill      XL: |  1  2 |
---------------+-------+-----
Fighting       | 3 |  3.0
Maces & Flails | 2 |  2.0
Armour         | |  2.7
Shields        | |  2.9

Action                   || total
-------------------------++-------
Melee: Flail             ||    47
       Bite              ||    10
Armor: Scale mail        ||    40
Dodge: Dodged            ||    20
Block: Kite shield       ||    34

Table legend: (Time is in decaauts)
 A = Elapsed time spent in this place.
 B = Non-inter-level travel time spent in this place.
 C = Inter-level travel time spent in this place.
 D = Time resting spent in this place.
 E = Time spent auto-exploring this place.
 F = Levels seen in this place.
 G = Mean time per level.
                   A        B        C        D        E       F      G
               +--------+--------+--------+--------+--------+-----+--------+
         Total |    971 |    892 |     79 |      0 |    720 |   2 |  485.5 |
       Dungeon |    971 |    892 |     79 |      0 |    720 |   2 |  485.5 |
               +--------+--------+--------+--------+--------+-----+--------+

Top non-repeatable levels by time:
     D:1: 757 daAuts
     D:2: 214 daAuts
